 Dungeon Crawl Stone Soup version 0.17-a0-1951-g62301d3 (webtiles) character file.

119 Roadrunner the Chopper (level 5, -1/26 HPs)
             Began as a Vine Stalker Warper on Oct 2, 2015.
             Slain by a worker ant (4 damage)
             ... on level 3 of the Dungeon.
             The game lasted 00:10:48 (752 turns).

Roadrunner the Chopper (Vine Stalker Warper)         Turns: 752, Time: 00:10:48

Health: -1/26      AC:  4    Str: 13    XL:     5   Next: 3%
Magic:  0/9        EV:  9    Int: 13    God:
Gold:   140        SH:  7    Dex: 15    Spells: 1 memorised, 7 levels left

rFire  . . .     SeeInvis .     a - +0 hand axe
rCold  . . .     Clarity  .     b - +0 leather armour
rNeg   . . .     SustAt   .     t - +0 shield
rPois  .         Gourm    .     (no helmet)
rElec  .         Spirit   +     (no cloak)
rCorr  .         Warding  .     (no gloves)
rMut   .         Stasis   .     r - +0 pair of boots
MR     .....                    (no amulet)
Stlth  +.........               (no ring)
                                (no ring)

@: lethally poisoned (-1 -> -6), not resistant to hostile enchantments, very
unstealthy
A: fangs 2, regeneration 1, magic shield, antimagic bite, no device heal 3, rot
immunity
a: no special abilities


You were on level 3 of the Dungeon.
You were not hungry.

You visited 1 branch of the dungeon, and saw 3 of its levels.

You collected 140 gold pieces.

Inventory:

Hand weapons
 a - a +0 hand axe (weapon)
Missiles
 e - 5 tomahawks of dispersal (quivered)
 i - 7 curare-tipped needles
Armour
 b - a +0 leather armour (worn)
 r - a +0 pair of boots (worn)
 t - a +0 shield (worn)
Jewellery
 s - a +1 ring of evasion {unknown}
Scrolls
 d - a scroll of blinking
 g - 3 scrolls of recharging
 j - a scroll of enchant armour {unknown}
 l - 2 scrolls of enchant weapon {unknown}
 m - a scroll of identify {unknown}
 o - a scroll of teleportation {unknown}
 q - a scroll of fog {unknown}
Potions
 h - a potion of might
 k - a potion of haste {unknown}
Books
 c - a book of Spatial Translocations

   Spells                             Type                      Level
   a - Apportation                    Translocation                1
   b - Blink                          Translocation                2
   c - Shroud of Golubria             Charms/Translocation         2
   d - Portal Projectile              Translocation                3
   e - Teleport Other                 Translocation                3
   f - Passage of Golubria            Translocation                4
Comestibles
 f - 2 bread rations
 n - a meat ration
 p - a beef jerky


   Skills:
 - Level 1.7 Fighting
 + Level 4.5 Axes
 - Level 0.8 Throwing
 - Level 0.7 Armour
 - Level 1.5 Dodging
 - Level 2.1 Spellcasting
 - Level 3.0 Translocations


You had 7 spell levels left.
You knew the following spells:

 Your Spells              Type           Power        Failure   Level  Hunger
a - Apportation           Tloc           #.........   69%         1    ##.....


Dungeon Overview and Level Annotations

Branches:
Dungeon (3/15)

Altars:
Ru
Xom
Yredelemnul

Annotations:
D:2 Terence


Innate Abilities, Weirdness & Mutations

You have extremely sharp teeth.
Your natural rate of healing is unusually fast.
When hurt, damage is shared between your health and your magic reserves.
Your bite disrupts and absorbs the magic of your enemies.
Potions and wands cannot restore your health.
You are immune to rotting.


Message History

You hit the bat.
You kill the bat!
You feel sick. The worker ant bites you.
You are more poisoned.
The worker ant poisons you! The worker ant closely misses you.
You hit the worker ant but do no damage.
You bite the worker ant. You drain its power.
You feel invigorated.
The worker ant is heavily wounded.
You feel sick. The worker ant closely misses you.
You slash the worker ant!
The worker ant is almost dead.
* * * LOW HITPOINT WARNING * * *
You feel sick. The worker ant bites you.
* * * LOW HITPOINT WARNING * * *
Unknown command.
You hit the worker ant but do no damage.
The worker ant is almost dead.
* * * LOW HITPOINT WARNING * * *
You feel sick. The worker ant bites you!
You die...

#.###.#..# ..#.#[#.#..#
## !.# ###.#..# ... ....
..(...# ####..
..#.###)#.. ......
..........#####..#
[........).....#### .
##.##..†).)..#.....#####
...w..
....$.a@..†.............
......
##....##..####..........
(..... #.........#
##.##...... .....#
#..........# #.....>...
......
#...........#####......
...... # ........#.#
#...... ...... ##
.#..#####..# ##.....
......##.....#
..####..... ......
..##..# ...##.....


You could see a worker ant.

Vanquished Creatures
  Jessica (D:2)
  A gnoll (D:3)
  3 adders (D:2)
  An ooze (D:1)
  A worm (D:3)
  An orc (D:3)
  4 bats
  4 giant cockroaches
  6 hobgoblins
  4 kobolds
  A quokka (D:3)
  2 ball pythons
  2 giant newts
  7 goblins
  11 rats
49 creatures vanquished.

Notes
Turn   | Place    | Note
--------------------------------------------------------------
     0 | D:1      | Roadrunner the Vine Stalker Warper began the quest for the Orb.
     0 | D:1      | Reached XP level 1. HP: 11/11 MP: 4/4
   152 | D:1      | Reached XP level 2. HP: 13/15 MP: 6/6
   281 | D:2      | Reached XP level 3. HP: 9/18 MP: 5/7
   308 | D:2      | Noticed Jessica
   456 | D:2      | Found a basalt altar of Yredelemnul.
   461 | D:2      | Noticed Terence
   500 | D:2      | Reached XP level 4. HP: 16/23 MP: 6/8
   506 | D:2      | Killed Jessica
   506 | D:2      | Reached skill level 4 in Axes
   598 | D:3      | Found a shimmering altar of Xom.
   616 | D:3      | Found a sacrificial altar of Ru.
   743 | D:3      | Reached XP level 5. HP: 16/26 MP: 6/9
   752 | D:3      | Slain by a worker ant

Vault maps used:
D:1:      nagdon_arrival_double_spiral
D:2:      old_standard_altar, minmay_tree_intersection, uniq_terence,
          uniq_crazy_yiuf_cottage, uniq_jessica
D:3:      minitemple, first_bread, minmay_surrounded, uniq_grinder

Action                   |  1- 3 |  4- 6 || total
-------------------------+-------+-------++-------
Melee: Hand axe          |    79 |    65 ||   144
  Use: Potion            |     2 |       ||     2
       Scroll            |       |     1 ||     1
 Stab: Sleeping          |     1 |       ||     1
